 Dungeon Crawl Stone Soup version 0.20.1-1-g8b1a95d (webtiles) character file.

64 equalderp2856 the Scratcher (level 3, -7/17 HPs)
             Began as a Felid Fighter on Aug 27, 2017.
             Killed from afar by an orc wizard (13 damage)
             ... with a puff of frost
             ... on level 5 of the Dungeon.
             The game lasted 00:02:57 (1879 turns).

equalderp2856 the Scratcher (Felid Fighter)         Turns: 1879, Time: 00:02:58

Health: -7/17      AC:  1    Str: 12    XL:     3   Next: 91%
Magic:  4/4        EV: 20    Int: 10    God:
Gold:   81         SH:  0    Dex: 15    Spells: 2/2 levels left
                                        Lives:  0   Deaths: 1

rFire    . . .     SeeInvis +     - Unarmed
rCold    . . .     Gourm    .   (shield unavailable)
rNeg     . . .     Faith    .   (armour unavailable)
rPois    .         Spirit   .   (helmet unavailable)
rElec    .         Reflect  .   (cloak unavailable)
rCorr    .         Harm     .   (gloves unavailable)
MR       .....                  (boots unavailable)
Stlth    ++........             (no amulet)
Regen    0.1/turn               (no ring)
MPRegen  0.1/turn               (no ring)

@: quick
A: no armour, no weapons or thrown items, stealth, claws 1, fangs 3, see
invisible, carnivore 3, speed 1, shaggy fur 1, slow metabolism 1, sharp paws
a: no special abilities


You were on level 5 of the Dungeon.
You were not hungry.

You visited 1 branch of the dungeon, and saw 5 of its levels.

You collected 81 gold pieces.

Inventory:

Jewellery
 d - an uncursed ring of fire {unknown}
Scrolls
 f - a scroll of fear {unknown}
 h - a scroll of remove curse {unknown}
 i - 3 scrolls of identify {unknown}
 k - a scroll of fog {unknown}
 m - a scroll of random uselessness {unknown}
 n - a scroll of enchant armour {unknown}
 o - a scroll of magic mapping {unknown}
Potions
 a - a potion of might
 c - 3 potions of curing
 e - 2 potions of flight {unknown}
 g - 2 potions of heal wounds {unknown}
 j - a potion of berserk rage {unknown}
 l - a potion of invisibility {unknown}
 p - a potion of magic {unknown}
 q - a potion of degeneration {unknown}
Comestibles
 b - 4 meat rations


   Skills:
 + Level 3.1 Fighting
 + Level 4.8 Dodging
 + Level 2.0 Stealth
 + Level 5.3 Unarmed Combat


You had 2 spell levels left.
You didn't know any spells.

Dungeon Overview and Level Annotations

Branches:
Dungeon (5/15)
 Temple: D:4-7

Altars:

Annotations:
D:3 Sigmund


Innate Abilities, Weirdness & Mutations

You cannot wear armour.
You are incapable of wielding weapons or throwing items.
Your paws allow you to move quietly. (Stealth)
You have sharp claws.
You have razor-sharp teeth.
You have supernaturally acute eyesight. (SInv)
You are carnivorous and can eat meat at any time.
You cover ground quickly.
You are covered in fur. (AC +1)
You have a slow metabolism.
Your sharp claws are effective at attacking unaware monsters.


Message History

You scratch the orc but do no damage. The orc barely misses you.
You barely miss the orc wizard. The orc misses you.
You barely miss the orc wizard. The orc wizard hits you with a dagger.
The orc completely misses you.
You scratch the orc wizard.
The orc wizard is lightly wounded.
The orc hits you with a flail. The orc wizard misses you.
The orc barely misses you.
Unknown command.
The orc wizard casts a spell.
The orc wizard seems to speed up.
There is a stone staircase leading up here.
You closely miss the orc. Your bite misses the orc.
You closely miss the orc wizard.
The orc wizard is lightly wounded.
The orc throws a tomahawk.
The tomahawk closely misses you.
The orc wizard points at you and mumbles some strange words.
The puff of frost hits you!
Ouch! That really hurt!
You die...

## #.## #...##
## .....## ##
#.# .....(##
#...#.#..:.....
#.....@#...#
.....###<#..#
### #.o..#
#.o.......
#.........
#....%###.
##...## ###.#
.#


You could see an orc wizard and an orc.

Vanquished Creatures
  A worker ant (D:4)
  2 adders (D:2)
  An ooze (D:2)
  A worm (D:3)
  A dart slug (D:1)
  4 leopard geckos
  2 orcs
  3 giant cockroaches
  6 goblins
  6 hobgoblins
  A quokka (D:3)
  3 bats
  7 frilled lizards
  7 kobolds
  6 rats
51 creatures vanquished.

Notes
Turn   | Place    | Note
-------+----------+-------------------------------------------
     0 | D:1      | equalderp2856 the Felid Fighter began the quest for the Orb.
     0 | D:1      | Reached XP level 1. HP: 10/10 MP: 2/2
   145 | D:1      | Reached XP level 2. HP: 11/14 MP: 3/3
  1037 | D:2      | Reached XP level 3. HP: 17/17 MP: 4/4
  1063 | D:2      | Reached skill level 1 in Stealth
  1266 | D:2      | Reached skill level 5 in Unarmed Combat
  1644 | D:3      | Reached XP level 4. HP: 21/21 MP: 5/5
  1717 | D:3      | Noticed Sigmund
  1751 | D:4      | Noticed an ogre
  1785 | D:4      | Killed from afar by an orc priest
  1786 | D:4      | Reached XP level 3. HP: 0/17 MP: 4/4
  1868 | D:5      | Entered Level 5 of the Dungeon
  1879 | D:5      | Killed from afar by an orc wizard

Skill      XL: |  1  2  3 |
---------------+----------+-----
Stealth        | 2 |  2.0
Unarmed Combat | 5 |  5.3
Fighting       | |  3.1
Dodging        | |  4.8

Action                   |  1- 3 |  4- 6 || total
-------------------------+-------+-------++-------
Melee: Unarmed           |   132 |    18 ||   150
       Bite              |     5 |     1 ||     6
       Punch             |     1 |       ||     1
  Use: Potion            |       |     1 ||     1
 Stab: Sleeping          |     4 |       ||     4
Armor: Skin              |     5 |       ||     5
Dodge: Dodged            |   116 |    15 ||   131
